 Dungeon Crawl Stone Soup version 0.30-a0-772-g5528072125 (webtiles) character file.

Game seed: 16654300267964159746

214 kingofthe the Conjurer (level 5, -5/31 HPs)
             Began as an Octopode Conjurer on Feb 13, 2023.
             Slain by an orc warrior
             ... wielding a +0 scimitar
              (7 damage)
             ... on level 3 of the Dungeon.
             The game lasted 00:06:58 (3866 turns).

kingofthe the Conjurer (Octopode Conjurer)          Turns: 3866, Time: 00:06:58

Health: -5/31      AC:  1    Str:  7    XL:     5   Next: 91%
Magic:  0/10       EV: 13    Int: 20    God:
Gold:   203        SH:  3    Dex: 12    Spells: 8/11 levels left

rFire   . . .      SeeInvis .    (no weapon)
rCold   . . .      Faith    .    n - +0 buckler
rNeg    . . .      Spirit   .    (helmet restricted)
rPois   .          Reflect  .    (no amulet)
rElec   .          Harm     .    (no ring)
rCorr   .          Rampage  .    (no ring)
Will    .....                    (no ring)
Stlth   +++                      (no ring)
HPRegen 0.25/turn                (no ring)
MPRegen 0.12/turn                (no ring)
                                 (no ring)
                                 (no ring)

@: no status effects
A: almost no armour, amphibious, 8 rings, camouflage 1, gelatinous body 1,
(nimble swimmer 1), tentacles
a: no special abilities


You were on level 3 of the Dungeon.
You visited 1 branch of the dungeon, and saw 3 of its levels.

You collected 203 gold pieces.

Inventory:

Armour
 n - a +0 buckler (worn)
Scrolls
 b - a scroll of blinking {unknown}
 e - 4 scrolls of teleportation {unknown}
 f - 3 scrolls of amnesia {unknown}
 h - 6 scrolls of identify {unknown}
 i - a scroll of brand weapon {unknown}
 k - a scroll of magic mapping {unknown}
 o - a scroll of fog {unknown}
Potions
 a - a potion of magic
 c - 3 potions of flight {unknown}
 d - 3 potions of curing {unknown}
 g - 3 potions of lignification {unknown}
 j - a potion of brilliance {unknown}
 l - a potion of might
 m - a potion of ambrosia {unknown}


   Skills:
 * Level 3.7 Dodging
 + Level 4.0 Stealth
 * Level 3.5 Spellcasting
 * Level 4.6 Conjurations


You had 8 spell levels left.
You knew the following spells:

 Your Spells              Type           Power      Damage    Failure   Level
a - Magic Dart            Conj           88%        1d7       2%          1
b - Searing Ray           Conj           44%        2d6       4%          2

Your spell library contained the following spells:

 Spells                   Type           Power      Damage    Failure   Level
 Dazzling Flash           Conj/Hex       24%        N/A       22%         3
 Inner Flame              Hex/Fire       3%         N/A       50%         3
 Fulminant Prism          Conj/Hex       6%         3d7       56%         4
 Iskenderun's Mystic Bla  Conj/Tloc      12%        2d5       56%         4
 Cause Fear               Hex            1%         N/A       88%         4
 Discord                  Hex            1%         N/A       100%        8


Dungeon Overview and Level Annotations

Branches:
Dungeon (3/15)

Altars:

Shops:
D:3 [


Innate Abilities, Weirdness & Mutations

You cannot wear most types of armour.
You are amphibious.
You can wear up to eight rings at the same time.
Your skin changes colour to match your surroundings (Stealth+).
Your rubbery body absorbs attacks. (AC +1, EV +1)
((You are camouflaged when in or above water. (Stealth+)))
You have tentacles for arms and can constrict up to eight enemies at once.


Message History

Aiming: Searing Ray (safe; 4% risk of failure)
Press: ? - help, Shift-Dir - straight line, f/p - orc warrior
Aim: an orc warrior, wielding a +0 scimitar and wearing a +0 plate armour (moderately wounded, 78% to hit)
The searing ray hits the orc warrior.
The orc warrior is moderately wounded.
The searing ray hits something. (Press . to maintain the ray.)
The orc warrior hits you with a +0 scimitar!
The searing ray hits the orc warrior!
The orc warrior is severely wounded.
The searing ray hits something!
Reactivating autopickup.
You feel a bit more experienced.
The orc warrior hits you with a +0 scimitar.
Without enough magic to sustain it, your searing ray dissipates.
The orc warrior closely misses you.
The magic dart hits the orc warrior.
The orc warrior is severely wounded.
The orc warrior barely misses you.
You closely miss the orc warrior. You grab the orc warrior.
The orc warrior is severely wounded.
You constrict the orc warrior. The orc warrior barely misses you.
You tentacle-slap the orc warrior but do no damage.
You squeeze the orc warrior, but do no damage.
The orc warrior is severely wounded.
You constrict the orc warrior, but do no damage.
The orc warrior hits you with a +0 scimitar!
* * * LOW HITPOINT WARNING * * *
You barely miss the orc warrior.
You squeeze the orc warrior, but do no damage.
The orc warrior is severely wounded.
You constrict the orc warrior, but do no damage.
The orc warrior hits you with a +0 scimitar.
* * * LOW HITPOINT WARNING * * *
You tentacle-slap the orc warrior but do no damage.
You squeeze the orc warrior, but do no damage.
The orc warrior is severely wounded.
You constrict the orc warrior.
The orc warrior hits you with a +0 scimitar!
You die...

*,,,** #....##.....# *,***
#..#.##.....# *,* ###....#......#
***####.######.............#
***,,.............###........##
,,,,,..)....#####.# #.#...##..#
***,,.......#####)# #.....##..##
,,,,,...........#.# ##....##...##
,,,,,.....<...)o@.####...)###....
,,,,oo..).......####.......#.....
,,,,,........^..###..............
,,,,*#.............)..###........
*,,,**,,,.............# ####.....
**,,,,,,,#............###........
**,,>,,,,#...........<....##.....
,,,,**,,,.............######.....
,,,,**,*,,,,,,.##..#...........#.


You could see an orc warrior.

Vanquished Creatures
  Ijyb (D:3)
  An orc wizard (D:3)
  8 gnolls
  An adder (D:3)
  2 worms (D:3)
  3 dart slugs
  An orc (D:2)
  4 ball pythons
  9 endoplasms
  A giant cockroach (D:3)
  9 goblins
  3 hobgoblins
  2 jackals (D:1)
  2 quokkas
  8 bats
  3 frilled lizards
  7 kobolds
  2 rats (D:3)
67 creatures vanquished.

Notes
Turn   | Place    | Note
-------+----------+-------------------------------------------
     0 | D:1      | kingofthe the Octopode Conjurer began the quest for the
                  | Orb.
     0 | D:1      | Reached XP level 1. HP: 11/11 MP: 3/3
   333 | D:1      | Reached XP level 2. HP: 17/17 MP: 0/5
   501 | D:1      | Learned a level 2 spell: Searing Ray
   708 | D:1      | Reached XP level 3. HP: 21/21 MP: 3/6
  1847 | D:1      | Reached XP level 4. HP: 20/27 MP: 0/8
  2291 | D:2      | Found a faded altar of an unknown god.
  2837 | D:3      | Reached XP level 5. HP: 31/31 MP: 4/9
  3175 | D:3      | Noticed Ijyb
  3177 | D:3      | Paralysed by Ijyb for 3 turns
  3185 | D:3      | Paralysed by Ijyb for 5 turns
  3196 | D:3      | Paralysed by Ijyb for 4 turns
  3201 | D:3      | Killed Ijyb
  3377 | D:3      | Found Liusoata's Armour Boutique.
  3486 | D:3      | Noticed an orc warrior
  3866 | D:3      | Slain by an orc warrior

Illustrated notes

Levels and vault maps discovered:
D:1:      kilobyte_arrival_exit_the_forest, layout_loops_corners,
          chequers_serial_rivers_micro_d, minmay_ruptured
D:2:      layout_rooms, shapermc_ecumenical_altar_totnotflames
D:3:      layout_rooms, serial_shops, nicolae_shop_advertising_works
          [nicolae_subvault_shop_adworks], uniq_ijyb

Skill      XL: |  1  2  3  4  5 |
---------------+----------------+-----
Stealth        | 3 4 |  4.0
Dodging        | 3 |  3.7
Spellcasting   | 3 |  3.5
Conjurations   | |  4.6

Action                     |  1- 3 |  4- 6 || total
---------------------------+-------+-------++-------
  Melee: Unarmed           |     8 |    12 ||    20
         Tentacles         |     3 |     5 ||     8
         Constrict         |     2 |     3 ||     5
         Punch             |       |     1 ||     1
   Cast: Magic Dart        |    65 |    53 ||   118
         Searing Ray       |     5 |    15 ||    20
  Dodge: Dodged            |     9 |    17 ||    26
  Block: Buckler           |       |     2 ||     2

Table legend: (Time is in decaauts)
 A = Elapsed time spent in this place.
 B = Non-inter-level travel time spent in this place.
 C = Inter-level travel time spent in this place.
 D = Time resting spent in this place.
 E = Time spent auto-exploring this place.
 F = Levels seen in this place.
 G = Mean time per level.
                   A        B        C        D        E       F      G
               +--------+--------+--------+--------+--------+-----+--------+
         Total |   3870 |   3775 |     95 |    461 |   2874 |   3 | 1290.0 |
       Dungeon |   3870 |   3775 |     95 |    461 |   2874 |   3 | 1290.0 |
               +--------+--------+--------+--------+--------+-----+--------+

Top non-repeatable levels by time:
     D:1: 1606 daAuts
     D:3: 1297 daAuts
     D:2: 966 daAuts
